Map: Simulacrum LE

Players

INnoVation

  • Race: Terran Terran
  • Spawn Location: 5:00

Serral - Winner!

  • Race: Zerg Zerg
  • Spawn Location: 11:00

Event: IEM Katowice 2020

VOD

Have the link to the VOD?

Description

Time

  • Played on: Feb. 29, 2020, 10:35 a.m.
  • Length: 14:09

All games in this series

Show
View Real Time Build Order
Export as new Build Order

INnoVation Terran 

Build Orders: Reaper Expand 

Get SALT Encoding   

  12  0:00  SCV  
  13  0:12  SCV  
  14  0:17  Supply Depot  
  14  0:25  SCV  
  15  0:38  SCV  
  15  0:41  Barracks  
  16  0:43  Refinery  
  16  0:50  SCV  
  17  1:02  SCV  
  18  1:14  SCV  
  19  1:27  Reaper, Orbital Command  
  20  1:40  Command Center  
  20  1:52  Supply Depot  
  20  1:53  SCV  
  21  1:59  Marine  
  22  2:05  SCV  
  23  2:15  Factory  
  23  2:17  SCV  
  23  2:21  Barracks Reactor  
  24  2:29  SCV  
  25  2:39  Command Center  
  25  2:42  SCV  
  26  2:52  Orbital Command  
  26  2:54  SCV  
  27  3:04  Barracks Tech Lab  
  27  3:05  Hellion  
  29  3:06  Hellion  
  29  3:10  SCV  
  32  3:19  SCV  
  33  3:22  Marine, SCV, Stimpack  
  37  3:27  Hellion  
  37  3:28  Hellion  
  37  3:32  SCV  
  40  3:34  SCV  
  40  3:36  Refinery  
  40  3:40  Marine  
  42  3:44  SCV  
  42  3:46  SCV  
  44  3:50  Orbital Command  
  44  3:54  Barracks  
  44  3:56  Barracks  
  44  3:57  SCV  
  44  4:00  Factory Reactor  
  44  4:01  Marine  
  46  4:05  SCV  
  46  4:09  SCV  
  48  4:15  Engineering Bay x2  
  48  4:18  SCV, Orbital Command  
  48  4:20  Marine  
  48  4:21  SCV  
  51  4:24  Refinery  
  51  4:26  Refinery  
  51  4:29  Supply Depot  
  51  4:30  SCV  
  51  4:33  SCV  
  52  4:39  Marine  
  52  4:41  Starport, Terran Infantry Weapons Level 1  
  52  4:44  SCV x2  
  52  4:45  SCV  
  56  4:51  Terran Infantry Armor Level 1  
  56  4:52  Supply Depot  
  56  4:53  Marine x2  
  56  4:55  Factory Reactor  
  56  4:56  SCV x2  
  56  4:57  SCV  
  56  4:58  Marine x2  
  63  5:03  Supply Depot  
  63  5:08  SCV x2  
  63  5:13  Combat Shield  
  65  5:16  Marine x4  
  65  5:17  SCV  
  65  5:20  SCV  
  65  5:21  SCV  
  72  5:26  Supply Depot  
  72  5:29  SCV  
  72  5:33  SCV x2  
  72  5:34  Marine  
  72  5:35  Marine  
  77  5:36  Medivac x2  
  77  5:37  Marine x3  
  77  5:39  Factory Tech Lab  
  77  5:42  SCV  
  85  5:46  Supply Depot  
  85  5:47  SCV  
  85  5:48  Supply Depot  
  86  5:51  Armory  
  86  5:53  SCV  
  86  5:54  SCV  
  86  5:55  Marine x2  
  86  5:56  Marine  
  91  5:57  Marine x2  
  93  6:07  Barracks  
  93  6:08  SCV, Medivac, Siege Tank  
  93  6:09  Medivac, Barracks  
  101  6:14  Refinery  
  101  6:15  Supply Depot  
  101  6:16  Marine x2  
  101  6:17  Supply Depot  
  103  6:20  Marine x3  
  106  6:27  Barracks  
  106  6:30  Barracks  
  104  6:40  Marine x3  
  104  6:41  Marine x2  
  109  6:47  Terran Infantry Armor Level 2, Terran Infantry Weapons Level 2, Siege Tank  
  109  6:49  Supply Depot  
  109  6:53  Supply Depot  
  112  6:57  Barracks Reactor x2  
  112  7:02  Barracks  
  112  7:03  SCV x3  
  115  7:11  Marine x2  
  115  7:12  Marine x3  
  115  7:13  Medivac x2  
  124  7:28  Barracks Tech Lab  
  117  7:30  Marauder  
  117  7:31  Siege Tank  
  117  7:32  Marine x2, Concussive Shells  
  117  7:33  Marine x4  
  117  7:34  Marine x2  
  117  7:35  Barracks Reactor  
  127  7:41  Supply Depot  
  127  7:51  Supply Depot, Barracks Reactor  
  127  7:52  Marine  
  127  7:53  Marine x4, Marauder  
  127  7:54  Marauder  
  127  7:57  Medivac  
  138  8:03  Siege Tank  
  142  8:07  Supply Depot x2  
  142  8:13  Marine  
  142  8:14  Marine x3, Marauder  
  142  8:15  Marauder  
  148  8:22  Marine x3  
  148  8:24  Medivac  
  151  8:35  Siege Tank  
  151  8:36  Supply Depot, Marauder x2  
  154  8:41  Marine  
  154  8:42  Marine x6  
  161  8:53  Medivac  
  161  8:54  Medivac  
  165  8:57  Marine, Marauder  
  165  8:58  Marauder  
  165  9:00  Supply Depot  
  165  9:01  Marine  
  165  9:02  Supply Depot  
  171  9:05  Marine  
  171  9:07  Marine x2  
  171  9:08  Siege Tank  
  176  9:17  Marine  
  176  9:18  Marine x3  
  176  9:22  Marauder  
  176  9:23  Medivac  
  185  9:24  Marine  
  185  9:25  Marine x3  
  183  9:34  Marine  
  183  9:35  Marine x4  
  177  9:43  Marauder  
  150  9:49  Marine x3, Medivac  
  150  9:52  Siege Tank  
  131  9:53  Medivac  
  131  9:54  Marine  
  131  9:55  Marine x2  
  131  9:56  Marine x5, Barracks  
  141  10:04  Marauder  
  143  10:08  Terran Infantry Weapons Level 3  
  143  10:10  Marine x4  
  147  10:19  Medivac  
  147  10:20  Terran Infantry Armor Level 3  
  149  10:26  Marauder  
  141  10:30  Marine x5  
  141  10:31  Marine  
  141  10:34  Medivac  
  149  10:38  Siege Tank  
  149  10:42  Marine  
  152  10:43  Marine  
  152  10:45  Barracks Tech Lab  
  152  10:47  Marauder  
  152  10:49  Marine  
  156  10:53  Marine  
  156  10:54  Marine x7  
  164  11:06  Marine, Marauder  
  164  11:07  Sensor Tower  
  164  11:09  Medivac  
  164  11:10  Siege Tank  
  172  11:13  Medivac  
  172  11:18  Marine, Marauder  
  176  11:27  Marauder  
  178  11:39  Marauder  
  166  11:40  Marine x12  
  166  11:45  Siege Tank  
  173  11:47  Medivac  
  173  11:49  Marauder  
  173  11:50  Medivac  
  179  12:00  Marine x8  
  177  12:13  Marine x4, Marauder x2  
  185  12:20  Siege Tank  
  185  12:21  Orbital Command  
  188  12:28  Marine  
  189  12:35  Marauder x2  
  189  12:36  Marine x4  
  197  12:45  Orbital Command  
  197  12:58  Marine x2  
  197  12:59  Marine  
  197  13:01  Siege Tank  
  189  13:06  Marine x10  
  189  13:07  Marine  
  189  13:16  Marine  
  131  13:24  Marine x6  
  131  13:25  Marauder x2  
  129  13:33  Siege Tank  
  132  13:40  Marine x3  
  132  13:41  Marine x2  
  119  13:48  Marauder  
Show
View Real Time Build Order
Export as new Build Order

Serral Zerg - Winner!

Build Orders: Hatch First 

Get SALT Encoding   

  12  0:02  Drone  
  13  0:13  Overlord  
  13  0:17  Drone  
  14  0:31  Drone x2  
  16  0:49  Hatchery  
  15  0:53  Drone  
  15  0:56  Drone  
  17  0:59  Drone  
  18  1:11  Extractor  
  18  1:15  Spawning Pool  
  17  1:18  Drone  
  17  1:21  Drone  
  18  1:29  Drone  
  19  1:43  Drone  
  20  1:55  Overlord  
  20  2:01  Queen x2  
  20  2:02  Zergling x4  
  26  2:13  Drone x2  
  26  2:14  Metabolic Boost  
  28  2:23  Drone x2  
  30  2:37  Hatchery  
  30  2:42  Drone  
  30  2:43  Drone  
  31  2:49  Queen  
  33  2:54  Overlord  
  33  2:59  Drone  
  33  3:00  Drone  
  33  3:03  Drone  
  36  3:07  Pneumatized Carapace  
  36  3:16  Drone x2  
  36  3:18  Drone  
  36  3:19  Drone  
  40  3:20  Overlord  
  40  3:24  Drone  
  40  3:25  Drone  
  42  3:30  Queen  
  44  3:35  Overlord  
  44  3:42  Zergling x4  
  44  3:46  Drone  
  44  3:47  Drone x2  
  49  3:49  Drone x2  
  49  3:50  Drone  
  49  3:53  Queen  
  54  3:57  Drone  
  54  3:58  Drone  
  54  4:02  Drone x3  
  59  4:04  Drone  
  60  4:10  Queen  
  60  4:11  Overlord  
  60  4:14  Overlord  
  62  4:22  Overlord  
  62  4:28  Lair  
  63  4:31  Drone x4  
  63  4:32  Extractor, Drone  
  63  4:33  Extractor  
  63  4:34  Drone x2  
  63  4:37  Zergling x4  
  69  4:39  Drone x2  
  69  4:44  Drone x2  
  73  4:48  Drone, Baneling Nest  
  73  4:51  Zergling x2  
  74  4:52  Overlord  
  74  4:53  Drone  
  74  4:56  Drone x2  
  77  5:00  Zergling x2  
  77  5:01  Zergling x2  
  77  5:02  Drone x2  
  77  5:06  Extractor  
  80  5:08  Evolution Chamber x2  
  80  5:09  Drone x2  
  80  5:15  Drone  
  80  5:16  Drone  
  80  5:17  Drone  
  80  5:19  Hatchery  
  80  5:20  Overlord  
  82  5:22  Overlord  
  82  5:23  Drone x2  
  82  5:26  Overlord x2  
  84  5:31  Overseer  
  84  5:32  Centrifical Hooks  
  84  5:35  Zerg Ground Armor Level 1  
  84  5:37  Extractor  
  84  5:39  Drone, Zerg Melee Weapons Level 1  
  84  5:40  Overlord  
  84  5:44  Zergling x6  
  84  5:47  Zergling x6  
  90  5:50  Zergling x4  
  90  5:55  Zergling x10  
  90  5:56  Zergling x2  
  98  6:01  Drone  
  99  6:05  Zergling x4  
  99  6:07  Baneling x8  
  99  6:09  Zergling x2  
  99  6:10  Zergling x6  
  105  6:16  Drone x3  
  105  6:18  Hydralisk Den  
  107  6:25  Zergling x2  
  108  6:29  Zergling x4  
  108  6:30  Queen  
  112  6:37  Drone x3  
  112  6:38  Drone x5  
  116  6:45  Drone  
  116  6:46  Overlord x2  
  117  6:47  Drone x2  
  117  6:49  Muscular Augments  
  117  6:50  Zergling x4  
  117  6:53  Baneling x2  
  121  6:56  Drone  
  121  7:01  Zergling x12  
  128  7:04  Baneling x7  
  128  7:05  Baneling x2  
  128  7:06  Zergling x2  
  129  7:10  Zergling x4  
  129  7:14  Zergling x4  
  133  7:16  Baneling x3  
  133  7:17  Baneling  
  133  7:18  Zergling x8  
  133  7:19  Zergling x4  
  138  7:25  Hydralisk x4  
  142  7:30  Overlord x3  
  142  7:31  Zerg Ground Armor Level 2  
  142  7:34  Zerg Melee Weapons Level 2  
  141  7:37  Drone  
  142  7:44  Hydralisk  
  142  7:51  Hydralisk x7  
  157  8:01  Zergling x18  
  157  8:02  Overlord  
  157  8:04  Overlord x2  
  157  8:05  Overlord  
  166  8:09  Hatchery  
  164  8:14  Zergling x8  
  164  8:16  Zergling x2  
  165  8:21  Zergling x8  
  165  8:26  Baneling x8  
  165  8:27  Baneling x2  
  169  8:29  Zergling x16  
  177  8:38  Hydralisk x2  
  177  8:39  Zergling x8  
  184  8:45  Baneling x4  
  184  8:46  Zergling x4  
  186  8:49  Infestation Pit  
  186  8:50  Extractor  
  186  8:51  Zergling x6  
  186  8:52  Overseer, Hatchery  
  186  8:59  Zergling x12  
  186  9:00  Zergling x2  
  193  9:03  Baneling  
  193  9:04  Baneling x11  
  193  9:06  Zergling x4  
  193  9:07  Zergling x4  
  197  9:16  Zergling x6  
  199  9:25  Overlord x3  
  184  9:35  Zergling x8  
  184  9:36  Zergling x8  
  180  9:41  Zergling x4  
  180  9:45  Zergling x6  
  156  9:49  Zergling x12  
  152  9:54  Baneling x20  
  152  9:57  Hive  
  152  9:59  Zergling x12  
  158  10:05  Zergling x6  
  158  10:06  Baneling  
  158  10:07  Baneling x3  
  161  10:11  Zerg Missile Weapons Level 1  
  161  10:14  Hatchery  
  160  10:15  Zergling x16  
  167  10:22  Baneling x9  
  167  10:23  Baneling x6  
  167  10:27  Zergling x18  
  167  10:28  Zergling x2  
  176  10:29  Zergling x2  
  178  10:42  Drone  
  178  10:43  Drone x6  
  178  10:46  Zergling x10  
  188  10:55  Zergling x8  
  181  10:57  Zergling x4  
  181  10:58  Zergling x4  
  185  11:07  Zergling x6  
  185  11:08  Zergling x2  
  185  11:09  Viper x2  
  195  11:16  Adrenal Glands  
  195  11:18  Zerg Ground Armor Level 3  
  191  11:21  Zergling x18  
  199  11:28  Baneling x11  
  199  11:36  Hatchery  
  181  11:41  Zergling x26  
  181  11:42  Zergling x8  
  192  11:48  Zergling x10  
  196  11:57  Zergling x6  
  196  11:58  Zergling x8  
  184  12:01  Zergling x6  
  184  12:05  Baneling x7  
  186  12:10  Hydralisk x3  
  192  12:18  Hydralisk x3  
  192  12:21  Viper  
  199  12:27  Drone  
  200  12:34  Burrow  
  200  12:39  Baneling x5  
  200  12:40  Baneling x12  
  200  12:44  Extractor  
  199  12:46  Drone  
  197  12:56  Hatchery  
  196  13:04  Zergling x18  
  196  13:05  Zergling x4  
  198  13:11  Hatchery  
  191  13:17  Zergling x26  
  191  13:18  Zergling x10  
  184  13:24  Zergling x12  
  188  13:37  Zergling x24  
  173  13:50  Zergling x18  

Tags
 
Add a new tag
Caveats
  • Supply blocks, unpowered buildings, or Contaminate may cause inaccurate times.
  • Supply counts are checked every 10 seconds.